[ AOE2 MATCH · #495961371 ]
UnrankedPoles vs Chinese
Player's team · WIN
Rival team · LOSS
[ REPLAY ANALYSIS · EXTRACTED FROM THE RECORDED GAME ]
Feudal
8:52
Castle
22:50
Imperial
—
| APM avg | 47.7 |
| APM peak | 77 |
| eAPM avg | 23.7 |
| Villagers / military | 76 / 78 |
Focus
⚔️ 43.4% · 🌾 56.6%
Cavalry Archer ×44 · Skirmisher ×20 · Spearman ×8 · Monk ×6
Feudal
8:23
Castle
19:50
Imperial
—
| APM avg | 79.7 |
| APM peak | 138 |
| eAPM avg | 36.7 |
| Villagers / military | 97 / 55 |
Focus
⚔️ 64.3% · 🌾 35.7%
Fire Lancer ×30 · Archer ×10 · Iron Pagoda ×4 · Scout Cavalry ×4 · Scorpion ×3 · Monk ×2
Match map
Initial resources + every placement click. Lines = walls · curves = elevation contours. ◆ gold · ⬟ stone · ● berries · ✦ relic · ◌ wall gap
Your base· Open — opponent sealed themselves in
OJP's base· Open — 2t gap
Smoothed initial terrain · ◌ = detected wall gap · hover for details
Inputs per minute
— TAG_Z40 - - OJP
Build order — TAG_Z40
First 150 of 260 actions detected
| 0:01 | Create | Villager (Male) |
| 0:01 | Create | Villager (Male) |
| 0:01 | Create | Villager (Male) |
| 0:02 | Create | Villager (Male) |
| 0:03 | Build | House |
| 0:04 | Build | House |
| 1:37 | Create | Villager (Male) |
| 1:58 | Create | Villager (Male) |
| 2:13 | Build | Lumber Camp |
| 2:23 | Create | Villager (Male) |
| 2:49 | Create | Villager (Male) |
| 3:21 | Create | Villager (Male) |
| 3:38 | Build | Mill |
| 3:44 | Create | Villager (Male) |
| 4:06 | Create | Villager (Male) |
| 4:32 | Create | Villager (Male) |
| 4:52 | Create | Villager (Male) |
| 5:15 | Create | Villager (Male) |
| 5:27 | Create | Villager (Male) |
| 5:27 | Research | Loom |
| 6:42 | Research | Feudal Age |
| 6:56 | Build | Lumber Camp |
| 7:21 | Build | Barracks |
| 7:24 | Build | Barracks |
| 8:18 | Build | House |
| 8:34 | Build | Palisade Wall |
| 8:36 | Build | Palisade Wall |
| 8:37 | Build | Palisade Wall |
| 8:38 | Build | Palisade Wall |
| 8:41 | Build | Palisade Wall |
| 8:43 | Build | Palisade Wall |
| 8:45 | Build | Palisade Wall |
| 8:46 | Build | Palisade Wall |
| 8:48 | Build | Palisade Wall |
| 8:52 | Age | Feudal Age |
| 8:54 | Create | Villager (Male) |
| 8:57 | Create | Spearman |
| 8:59 | Build | Archery Range |
| 9:06 | Create | Villager (Male) |
| 9:25 | Research | Double-Bit Axe |
| 9:25 | Research | Double-Bit Axe |
| 9:37 | Create | Villager (Male) |
| 9:44 | Create | Skirmisher |
| 9:48 | Build | House |
| 9:52 | Build | House |
| 10:05 | Create | Villager (Male) |
| 10:07 | Build | House |
| 10:14 | Create | Skirmisher |
| 10:23 | Build | Palisade Gate |
| 10:25 | Build | Palisade Wall |
| 10:28 | Create | Villager (Male) |
| 10:34 | Create | Skirmisher |
| 10:39 | Build | House |
| 10:44 | Build | Palisade Wall |
| 10:46 | Build | Palisade Wall |
| 10:47 | Create | Skirmisher |
| 10:54 | Create | Villager (Male) |
| 11:13 | Create | Villager (Male) |
| 11:24 | Create | Skirmisher |
| 11:33 | Create | Skirmisher |
| 11:37 | Create | Villager (Male) |
| 11:50 | Create | Skirmisher |
| 12:05 | Create | Villager (Male) |
| 12:17 | Create | Villager (Male) |
| 12:27 | Create | Villager (Male) |
| 12:37 | Create | Spearman |
| 12:43 | Create | Spearman |
| 12:44 | Create | Skirmisher |
| 12:45 | Create | Villager (Male) |
| 12:48 | Build | Blacksmith |
| 12:53 | Create | Skirmisher |
| 12:53 | Create | Skirmisher |
| 12:57 | Build | Farm |
| 12:57 | Build | Farm |
| 12:58 | Build | Farm |
| 13:04 | Create | Skirmisher |
| 13:12 | Create | Spearman |
| 13:20 | Research | Horse Collar |
| 13:29 | Create | Skirmisher |
| 13:36 | Create | Villager (Male) |
| 13:43 | Build | Farm |
| 13:45 | Build | Farm |
| 13:49 | Create | Skirmisher |
| 13:59 | Create | Spearman |
| 14:00 | Create | Villager (Male) |
| 14:03 | Build | House |
| 14:05 | Build | Palisade Wall |
| 14:05 | Build | Palisade Wall |
| 14:07 | Build | Palisade Wall |
| 14:19 | Create | Skirmisher |
| 14:21 | Create | Spearman |
| 14:22 | Create | Villager (Male) |
| 14:45 | Build | Farm |
| 14:52 | Build | Palisade Wall |
| 14:58 | Create | Skirmisher |
| 15:00 | Create | Villager (Male) |
| 15:12 | Create | Villager (Male) |
| 15:17 | Build | Farm |
| 15:22 | Build | Mill |
| 15:25 | Create | Skirmisher |
| 15:30 | Create | Villager (Male) |
| 15:38 | Research | Wheelbarrow |
| 15:44 | Build | House |
| 15:46 | Build | House |
| 15:53 | Build | Farm |
| 16:08 | Build | Farm |
| 16:14 | Build | Farm |
| 16:27 | Create | Spearman |
| 16:34 | Build | Palisade Wall |
| 16:34 | Build | Palisade Wall |
| 16:36 | Build | Palisade Wall |
| 16:45 | Create | Skirmisher |
| 16:47 | Create | Spearman |
| 16:49 | Build | Farm |
| 17:02 | Build | Farm |
| 17:03 | Create | Villager (Male) |
| 17:10 | Build | House |
| 17:38 | Create | Villager (Male) |
| 17:59 | Create | Villager (Male) |
| 18:01 | Build | Farm |
| 18:03 | Build | Farm |
| 18:04 | Build | Farm |
| 18:05 | Build | Farm |
| 18:06 | Build | Farm |
| 18:09 | Build | Mining Camp |
| 18:16 | Build | House |
| 18:17 | Create | Villager (Male) |
| 18:46 | Create | Villager (Male) |
| 18:54 | Build | Market |
| 19:08 | Research | Town Watch |
| 19:11 | Create | Villager (Male) |
| 19:16 | Research | Gold Mining |
| 19:25 | Build | Stable |
| 20:03 | Research | Castle Age |
| 20:18 | Create | Skirmisher |
| 20:23 | Build | Archery Range |
| 20:29 | Build | House |
| 20:32 | Research | Fletching |
| 20:32 | Research | Fletching |
| 20:44 | Create | Skirmisher |
| 20:48 | Create | Villager (Male) |
| 21:30 | Create | Skirmisher |
| 21:44 | Research | Bloodlines |
| 21:44 | Research | Bloodlines |
| 22:35 | Build | House |
| 22:50 | Age | Castle Age |
| 22:52 | Create | Cavalry Archer |
| 22:52 | Create | Cavalry Archer |
| 22:52 | Create | Cavalry Archer |
| 22:54 | Research | Bodkin Arrow |
Build order — OJP
First 150 of 254 actions detected
| 0:02 | Research | Loom |
| 0:43 | Create | Villager (Male) |
| 1:08 | Create | Villager (Male) |
| 1:35 | Create | Villager (Male) |
| 1:35 | Create | Villager (Male) |
| 1:56 | Build | Lumber Camp |
| 1:57 | Create | Villager (Male) |
| 2:18 | Create | Villager (Male) |
| 2:19 | Create | Villager (Male) |
| 2:38 | Create | Villager (Male) |
| 3:06 | Create | Villager (Male) |
| 3:16 | Build | House |
| 3:29 | Create | Villager (Male) |
| 4:00 | Create | Villager (Male) |
| 4:26 | Create | Villager (Male) |
| 4:55 | Build | Mining Camp |
| 4:56 | Create | Villager (Male) |
| 5:17 | Create | Villager (Male) |
| 5:48 | Create | Villager (Male) |
| 6:09 | Research | Feudal Age |
| 6:09 | Research | Feudal Age |
| 6:28 | Build | House |
| 7:20 | Build | Barracks |
| 7:50 | Create | Villager (Male) |
| 8:23 | Age | Feudal Age |
| 8:25 | Build | Archery Range |
| 8:26 | Research | Double-Bit Axe |
| 8:29 | Create | Spearman |
| 8:34 | Create | Villager (Male) |
| 9:01 | Build | House |
| 9:05 | Create | Villager (Male) |
| 9:07 | Create | Archer |
| 9:13 | Build | Mill |
| 9:21 | Create | Villager (Male) |
| 9:40 | Create | Archer |
| 9:48 | Build | Farm |
| 10:02 | Build | House |
| 10:07 | Create | Villager (Male) |
| 10:22 | Create | Archer |
| 10:24 | Create | Villager (Male) |
| 10:35 | Create | Villager (Male) |
| 10:43 | Build | Stable |
| 10:51 | Create | Villager (Male) |
| 11:01 | Create | Villager (Male) |
| 11:01 | Build | Farm |
| 11:06 | Build | House |
| 11:09 | Create | Archer |
| 11:11 | Create | Villager (Male) |
| 11:27 | Create | Archer |
| 11:34 | Create | Villager (Male) |
| 11:39 | Create | Scout Cavalry |
| 11:39 | Create | Scout Cavalry |
| 11:55 | Build | Blacksmith |
| 12:03 | Create | Archer |
| 12:05 | Create | Villager (Male) |
| 12:13 | Create | Scout Cavalry |
| 12:23 | Build | Farm |
| 12:25 | Build | Farm |
| 12:25 | Build | Farm |
| 12:34 | Create | Villager (Male) |
| 12:47 | Research | Fletching |
| 12:47 | Research | Fletching |
| 12:49 | Build | Farm |
| 12:50 | Create | Archer |
| 12:52 | Create | Villager (Male) |
| 13:03 | Build | House |
| 13:13 | Build | Farm |
| 13:16 | Create | Villager (Male) |
| 13:19 | Create | Archer |
| 13:21 | Create | Villager (Male) |
| 13:25 | Create | Villager (Male) |
| 13:39 | Create | Scout Cavalry |
| 13:45 | Build | Palisade Wall |
| 13:45 | Create | Villager (Male) |
| 13:47 | Build | Farm |
| 14:18 | Create | Archer |
| 14:19 | Create | Villager (Male) |
| 14:21 | Build | Farm |
| 14:23 | Build | Farm |
| 14:31 | Build | House |
| 14:34 | Create | Villager (Male) |
| 14:36 | Build | Farm |
| 14:40 | Build | Farm |
| 14:43 | Build | Palisade Wall |
| 14:47 | Create | Villager (Male) |
| 15:00 | Create | Archer |
| 15:10 | Build | Farm |
| 15:14 | Build | Palisade Wall |
| 15:15 | Build | Palisade Wall |
| 15:17 | Build | Palisade Wall |
| 15:18 | Build | Palisade Wall |
| 15:31 | Create | Villager (Male) |
| 15:51 | Build | Palisade Wall |
| 15:53 | Build | Palisade Wall |
| 16:03 | Build | House |
| 16:54 | Build | Farm |
| 17:10 | Research | Castle Age |
| 17:10 | Research | Castle Age |
| 17:36 | Build | Lumber Camp |
| 18:28 | Build | Stable |
| 18:30 | Build | Barracks |
| 18:32 | Research | Scale Mail Armor |
| 18:41 | Research | Gold Mining |
| 18:43 | Create | Villager (Male) |
| 18:54 | Research | Horse Collar |
| 18:58 | Build | Farm |
| 19:14 | Research | Forging |
| 19:16 | Build | Farm |
| 19:30 | Build | Farm |
| 19:35 | Build | House |
| 19:50 | Age | Castle Age |
| 19:51 | Create | Fire Lancer |
| 19:51 | Create | Fire Lancer |
| 19:53 | Research | Chain Mail Armor |
| 19:55 | Create | Villager (Male) |
| 20:00 | Build | Town Center |
| 20:09 | Create | Villager (Male) |
| 20:14 | Build | Palisade Gate |
| 20:23 | Research | Squires |
| 20:27 | Create | Fire Lancer |
| 20:27 | Create | Fire Lancer |
| 20:33 | Build | House |
| 20:35 | Create | Villager (Male) |
| 20:39 | Build | House |
| 20:49 | Create | Fire Lancer |
| 20:49 | Create | Fire Lancer |
| 20:50 | Create | Villager (Male) |
| 20:59 | Create | Fire Lancer |
| 21:02 | Build | House |
| 21:02 | Create | Villager (Male) |
| 21:03 | Create | Villager (Male) |
| 21:08 | Create | Fire Lancer |
| 21:08 | Create | Fire Lancer |
| 21:12 | Build | House |
| 21:15 | Build | House |
| 21:20 | Create | Villager (Male) |
| 21:30 | Build | House |
| 21:39 | Build | House |
| 21:40 | Build | Palisade Wall |
| 21:44 | Create | Villager (Male) |
| 21:50 | Create | Fire Lancer |
| 21:50 | Create | Fire Lancer |
| 21:55 | Build | Palisade Wall |
| 22:06 | Research | Wheelbarrow |
| 22:15 | Research | Bow Saw |
| 22:16 | Create | Villager (Male) |
| 22:32 | Create | Villager (Male) |
| 22:32 | Create | Villager (Male) |
| 22:41 | Build | Farm |
| 22:42 | Create | Villager (Male) |
Match timeline
| 7:20 | OJP · first_building Barracks |
| 7:21 | TAG_Z40 · first_building Barracks |
| 8:23 | OJP · age_up feudal |
| 8:25 | OJP · first_building Archery Range |
| 8:34 | TAG_Z40 · wall_segment Palisade Wall x1 |
| 8:36 | TAG_Z40 · wall_segment Palisade Wall x1 |
| 8:37 | TAG_Z40 · wall_segment Palisade Wall x1 |
| 8:38 | TAG_Z40 · wall_segment Palisade Wall x1 |
| 8:41 | TAG_Z40 · wall_segment Palisade Wall x1 |
| 8:43 | TAG_Z40 · wall_segment Palisade Wall x1 |
| 8:45 | TAG_Z40 · wall_segment Palisade Wall x1 |
| 8:46 | TAG_Z40 · wall_segment Palisade Wall x1 |
| 8:48 | TAG_Z40 · wall_segment Palisade Wall x1 |
| 8:52 | TAG_Z40 · age_up feudal |
| 8:59 | TAG_Z40 · first_building Archery Range |
| 10:25 | TAG_Z40 · wall_segment Palisade Wall x4 |
| 10:43 | OJP · first_building Stable |
| 10:44 | TAG_Z40 · wall_segment Palisade Wall x10 |
| 10:46 | TAG_Z40 · wall_segment Palisade Wall x9 |
| 13:45 | OJP · wall_segment Palisade Wall x5 |
| 14:05 | TAG_Z40 · wall_segment Palisade Wall x5 |
| 14:05 | TAG_Z40 · wall_segment Palisade Wall x1 |
| 14:07 | TAG_Z40 · wall_segment Palisade Wall x8 |
| 14:43 | OJP · wall_segment Palisade Wall x7 |
| 14:52 | TAG_Z40 · wall_segment Palisade Wall x3 |
| 15:14 | OJP · wall_segment Palisade Wall x5 |
| 15:15 | OJP · wall_segment Palisade Wall x1 |
| 15:17 | OJP · wall_segment Palisade Wall x15 |
| 15:18 | OJP · wall_segment Palisade Wall x1 |
| 15:51 | OJP · wall_segment Palisade Wall x7 |
| 15:53 | OJP · wall_segment Palisade Wall x3 |
| 16:34 | TAG_Z40 · wall_segment Palisade Wall x1 |
| 16:34 | TAG_Z40 · wall_segment Palisade Wall x1 |
| 16:36 | TAG_Z40 · wall_segment Palisade Wall x1 |
| 19:25 | TAG_Z40 · first_building Stable |
| 19:50 | OJP · age_up castle |
| 19:59 | TAG_Z40 · first_market_sell 100 wood |
| 21:40 | OJP · wall_segment Palisade Wall x1 |
| 21:55 | OJP · wall_segment Palisade Wall x9 |
| 22:50 | TAG_Z40 · age_up castle |
| 23:10 | OJP · first_building Siege Workshop |
| 25:38 | TAG_Z40 · first_building Monastery |
| 26:11 | OJP · first_building Monastery |
| 26:24 | TAG_Z40 · first_market_buy 100 wood |
| 29:51 | OJP · first_building Castle |
| 31:16 | OJP · resign |
[ AI ANALYSIS · 1 CREDIT ]
What really happened in this match?
Wolo.gg analyzes every decision: build order, eco, micro, common mistakes by bracket. Personalized analysis on WhatsApp or Discord in 30 seconds.
Civ guide
Poles
Perfil
Jugador #726223